 Dungeon Crawl Stone Soup version 0.29.1-1-gd02db6906a (webtiles) character file.

Game seed: 16621930259911936677

13944 brightshaft the Skirmisher (level 11, -6/89 HPs)
             Began as a Minotaur Hunter on Sept 23, 2022.
             Was a Priest of Hepliaklqana.
             Mangled by a death yak (25 damage)
             ... on level 1 of the Lair of Beasts.
             The game lasted 00:18:45 (9520 turns).

brightshaft the Skirmisher (Minotaur Hunter)        Turns: 9520, Time: 00:18:47

Health: -6/89      AC:  7    Str: 17    XL:     11   Next: 82%
Magic:  9/10       EV: 16    Int:  6    God:    Hepliaklqana [***...]
Gold:   524        SH:  0    Dex: 20    Spells: 10/10 levels left

rFire   + . .      SeeInvis +   a - +8 longbow "Zephyr" {speed, Dex+3 SInv}
rCold   . . .      Faith    .   (shield currently unavailable)
rNeg    . . .      Spirit   .   k - +0 ring mail
rPois   .          Reflect  .   (helmet restricted)
rElec   .          Harm     .   u - scarf {repulsion}
rCorr   .          Rampage  .   (no gloves)
Will    .....                   (no boots)
Stlth   ++........              (no amulet)
HPRegen 0.24/turn               v - ring of protection from fire
MPRegen 0.12/turn               (no ring)

@: repel missiles
A: reduced essence, horns 2, retaliatory headbutt
a: Renounce Religion, Recall Ancestor, Ancestor Identity, Transference


You were on level 1 of the Lair of Beasts.
You worshipped Hepliaklqana.
Hepliaklqana was most pleased with you.
You visited 2 branches of the dungeon, and saw 11 of its levels.

You collected 524 gold pieces.

Inventory:

Hand Weapons
 a - the +8 longbow "Zephyr" (weapon) {speed, Dex+3 SInv}
   (You found it on level 2 of the Dungeon)

   Attacks with this weapon are significantly faster.
   Dex:       It affects your dexterity (+3).
   SInv:      It lets you see invisible.
 b - a +2 short sword of venom
Missiles
 o - 6 throwing nets
Armour
 k - a +0 ring mail (worn)
 u - a scarf of repulsion (worn)
 y - a +0 plate armour
 C - a +0 scale mail
Jewellery
 v - a ring of protection from fire (left hand)
 w - a ring of protection from fire
 B - a ring of magical power
Wands
 q - a wand of iceblast (25)
 x - a wand of charming (14)
 F - a wand of light (7)
Scrolls
 c - a scroll of amnesia
 e - 3 scrolls of immolation
 f - 3 scrolls of teleportation
 m - 4 scrolls of blinking
 p - 2 scrolls of enchant armour
 s - 2 scrolls of silence
 t - a scroll of fear
 A - a scroll of enchant weapon
Potions
 d - 2 potions of flight
 g - 2 potions of attraction {unknown}
 h - 2 potions of brilliance {unknown}
 i - 3 potions of resistance
 j - a potion of might {unknown}
 l - 3 potions of mutation
 n - 2 potions of magic {unknown}
 r - a potion of curing
 z - a potion of heal wounds {unknown}
 D - a potion of lignification {unknown}
 E - a potion of invisibility {unknown}


   Skills:
 + Level 9.8 Fighting
 * Level 14.8 Ranged Weapons
 + Level 9.2 Armour
 + Level 8.9 Dodging
 - Level 3.7 Stealth
 - Level 0.4 Evocations


You had 10 spell levels left.
You didn't know any spells.
Your spell library contained the following spells:

 Spells                   Type           Power      Damage    Failure   Level
 Apportation              Tloc           0%         N/A       63%         1
 Gell's Gravitas          Tloc           0%         N/A       94%         3
 Inner Flame              Hex/Fire       0%         N/A       94%         3
 Lesser Beckoning         Tloc           0%         N/A       94%         3
 Teleport Other           Tloc           0%         N/A       94%         3
 Cause Fear               Hex            0%         N/A       100%        4
 Alistair's Intoxication  Tmut/Pois      0%         N/A       100%        5
 Discord                  Hex            0%         N/A       100%        8


Dungeon Overview and Level Annotations

Branches:
Dungeon (9/15)             Temple (0/1) D:6            Lair (2/5) D:9
  Swamp: Lair:2-3    Shoals: Lair:2-3     Snake: Lair:2-3    Spider: Lair:2-3
    Orc: D:9-12

Altars:
Elyvilon
Hepliaklqana
Makhleb
Nemelex Xobeh
Qazlal
Ru
Sif Muna
Trog
Uskayaw
Wu Jian
Yredelemnul

Shops:
D:8 =


Innate Abilities, Weirdness & Mutations

Your life essence is reduced to manifest your ancestor. (-10% HP)
You have a pair of horns on your head.
You reflexively headbutt those who attack you in melee.


Message History

The arrow hits the death yak but does no damage.
The death yak is lightly wounded.
Fire: a) +8 longbow "Zephyr" {speed, Dex+3 SInv}
Press: ? - help, Shift-Dir - straight line, f/p - death yak
Aim: a death yak (lightly wounded, ally target, 86% to hit)
You shoot an arrow. The arrow hits the death yak!
The death yak is moderately wounded.
Okay, then.
Fire: a) +8 longbow "Zephyr" {speed, Dex+3 SInv}
Press: ? - help, Shift-Dir - straight line, f/p - death yak
Aim: a death yak (moderately wounded, ally target, 86% to hit)
You shoot an arrow. The arrow hits the death yak.
The death yak is moderately wounded.
The death yak gores you!
* * * LOW HITPOINT WARNING * * *
You feel better. The death yak completely misses you. You furiously retaliate!
You headbutt the death yak, but do no damage.
You are too injured to fight recklessly!
Fire: a) +8 longbow "Zephyr" {speed, Dex+3 SInv}
Press: ? - help, Shift-Dir - straight line, f/p - death yak
Aim: a death yak (moderately wounded, ally target, 86% to hit)
You shoot an arrow. The arrow hits the death yak!!
The death yak is heavily wounded.
Arthur hits the death yak with a +0 flail!
Fire: a) +8 longbow "Zephyr" {speed, Dex+3 SInv}
Press: ? - help, Shift-Dir - straight line, f/p - death yak
Aim: a death yak (severely wounded, ally target, 86% to hit)
You shoot an arrow. The arrow hits the death yak!
The death yak is almost dead.
The death yak gores you!
* * * LOW HITPOINT WARNING * * *
Arthur hits the death yak with a +0 flail.
Fire: a) +8 longbow "Zephyr" {speed, Dex+3 SInv}
Press: ? - help, Shift-Dir - straight line, f/p - death yak
Aim: a death yak (almost dead, ally target, 86% to hit)
You shoot an arrow.
The arrow hits the death yak but does no damage.
The death yak is almost dead.
The death yak gores you!!
You die...

###### ## ### ####P##.##
#. #.###........# #.
#............# ##
#†##.†...#..### #
##.####.##.....###
##P.##.###..††....### #
###..(...#...#..@....P##
##
#....†#.###.##...Y..[..##
###.
......###.###.....R.....#
##...
#........#...#........###
###....
............##........#
##......
...........####.......##
#....... [.........##
##.......###.......
...........#
#.................
...........#
##...###.YR.......


You could see the friendly Arthur the knight and a death yak (ally target).

Vanquished Creatures
  A boulder beetle (Lair:1)
  A death yak (Lair:1)
  An ugly thing (D:8)
  2 torpor snails (Lair:1)
  3 cane toads (Lair:1)
  2 komodo dragons (Lair:1)
  4 blink frogs (Lair:1)
  5 yaks
  4 wyverns
  A basilisk (Lair:1)
  2 wargs (D:9)
  Duvessa (D:5)
  6 water moccasins
  4 orc warriors
  An ice beast (D:4)
  8 black bears
  An ogre (D:5)
  5 wolves (Lair:1)
  2 centaurs
  A phantom (D:6)
  A kobold brigand (D:7)
  4 bullfrogs
  2 necrophages
  4 scorpions
  2 gnoll sergeants
  9 wights (D:7)
  11 killer bees
  Dowan (D:5)
  A howler monkey (D:7)
  8 electric eels (D:8)
  2 gnoll boudas
  3 hounds
  2 jellies
  5 orc priests
  An iguana (D:6)
  6 orc wizards
  25 gnolls
  9 adders
  2 shadow imps
  A white imp (D:8)
  An ufetubus (D:6)
  3 worms (D:4)
  3 dart slugs
  36 orcs
  2 ball pythons (D:1)
  4 endoplasms
  3 giant cockroaches
  6 goblins
  8 hobgoblins
  6 jackals
  12 kobolds
  2 quokkas
  5 bats
  5 frilled lizards
  3 rats
  A spectral orc (D:5)
254 creatures vanquished.

Vanquished Creatures (collateral kills)
  A death yak (Lair:2)
  2 cane toads (Lair:1)
  A yak (Lair:1)
  A water moccasin (Lair:1)
  An orc warrior (D:9)
  An ice beast (D:7)
  A sky beast (D:6)
  2 centaurs
  A bullfrog (D:8)
  A scorpion (D:6)
  A wight (D:7)
  A killer bee (D:9)
  A gnoll bouda (D:6)
  A jelly (D:6)
  An orc priest (D:9)
  An orc wizard (D:9)
  A gnoll (D:8)
  3 orcs
  A kobold (D:7)
23 creatures vanquished.

Vanquished Creatures (others)
  2 knights (D:8)
  An ancestor (D:6)
  A kobold (D:7)
  5 fungi
  45 plants
54 creatures vanquished.

Grand Total: 331 creatures vanquished

Notes
Turn   | Place    | Note
-------+----------+-------------------------------------------
     0 | D:1      | brightshaft the Minotaur Hunter began the quest for the
                  | Orb.
     0 | D:1      | Reached XP level 1. HP: 18/18 MP: 0/0
   225 | D:1      | Reached XP level 2. HP: 17/25 MP: 1/1
   346 | D:1      | Reached skill level 5 in Ranged Weapons
   397 | D:1      | Found a faded altar of an unknown god.
   766 | D:1      | Reached XP level 3. HP: 30/30 MP: 2/2
  1121 | D:2      | Reached skill level 6 in Ranged Weapons
  1121 | D:2      | Reached XP level 4. HP: 32/37 MP: 3/3
  1619 | D:2      | Found the +8 longbow "Zephyr" {speed, Dex+3 SInv}
  2263 | D:4      | Noticed a black bear
  2266 | D:4      | Reached XP level 5. HP: 42/42 MP: 4/4
  2271 | D:4      | Killed a black bear
  2272 | D:4      | Reached skill level 7 in Ranged Weapons
  2328 | D:4      | Noticed a centaur
  2330 | D:4      | Killed a centaur
  2331 | D:4      | Reached skill level 8 in Ranged Weapons
  2331 | D:4      | Reached XP level 6. HP: 36/50 MP: 5/5
  2588 | D:4      | Found a white marble altar of Elyvilon.
  2593 | D:4      | Noticed an ice beast
  2597 | D:4      | Killed an ice beast
  2598 | D:4      | Reached skill level 9 in Ranged Weapons
  2663 | D:4      | Found a bloodstained altar of Trog.
  2734 | D:4      | Became a worshipper of Elyvilon the Healer
  2827 | D:4      | Found a sparkling altar of Nemelex Xobeh.
  2880 | D:5      | Entered Level 5 of the Dungeon
  2893 | D:5      | Reached XP level 7. HP: 39/56 MP: 6/6
  2894 | D:5      | Reached skill level 1 in Armour
  2896 | D:5      | Found a hazy altar of Hepliaklqana.
  3016 | D:5      | Identified the +10 spear of Death {elec, rN+ rCorr Int+2
                  | SInv}
  3020 | D:5      | Fell from the grace of Elyvilon
  3020 | D:5      | Became a worshipper of Hepliaklqana the Forgotten
  3093 | D:5      | Reached skill level 1 in Stealth
  3129 | D:5      | Found an ornate altar of the Wu Jian Council.
  3179 | D:5      | Noticed a wyvern
  3187 | D:5      | Killed a wyvern
  3354 | D:5      | Found a basalt altar of Yredelemnul.
  3354 | D:5      | Noticed Duvessa
  3354 | D:5      | Noticed Dowan
  3357 | D:5      | Killed Duvessa
  3358 | D:5      | Reached XP level 8. HP: 66/66 MP: 7/7
  3363 | D:5      | Killed Dowan
  3422 | D:5      | Found a shimmering blue altar of Sif Muna.
  3433 | D:5      | Reached skill level 10 in Ranged Weapons
  3890 | D:6      | Reached * piety under Hepliaklqana
  3921 | D:6      | Found a staircase to the Ecumenical Temple.
  3992 | D:6      | Reached skill level 5 in Fighting
  4216 | D:6      | Reached XP level 9. HP: 66/66 MP: 8/8
  4726 | D:7      | Found a sacrificial altar of Ru.
  4797 | D:7      | Reached skill level 11 in Ranged Weapons
  4797 | D:7      | Reached skill level 5 in Dodging
  4865 | D:7      | Reached ** piety under Hepliaklqana
  4866 | D:7      | Remembered your ancestor Arthur as a knight
  4956 | D:7      | Reached skill level 5 in Armour
  5534 | D:8      | Noticed a brown ugly thing
  5540 | D:8      | Killed a brown ugly thing
  5541 | D:8      | Reached skill level 12 in Ranged Weapons
  5541 | D:8      | Reached XP level 10. HP: 75/75 MP: 9/9
  6064 | D:8      | Found Guataih's Jewellery Shop.
  7094 | D:8      | Found a burning altar of Makhleb.
  7124 | D:8      | Identified the +8 dagger of Symmetry {freeze, Will+}
  7449 | D:9      | Found a staircase to the Lair.
  7564 | D:9      | Found a hide-covered altar of Uskayaw.
  7618 | D:9      | Found a stormy altar of Qazlal.
  7704 | D:9      | Reached skill level 13 in Ranged Weapons
  8139 | Lair:1   | Entered Level 1 of the Lair of Beasts
  8221 | Lair:1   | Noticed a torpor snail
  8231 | Lair:1   | Killed a torpor snail
  8232 | Lair:1   | Reached XP level 11. HP: 85/85 MP: 10/10
  8408 | Lair:1   | Reached *** piety under Hepliaklqana
  8429 | Lair:1   | Noticed a boulder beetle
  8439 | Lair:1   | Killed a boulder beetle
  8830 | Lair:1   | Reached skill level 14 in Ranged Weapons
  8932 | Lair:1   | Found the +7 staff of the Meek {protect, meekguard}
  9484 | Lair:2   | Noticed a death yak
  9491 | Lair:2   | Noticed a death yak
  9491 | Lair:2   | Noticed a death yak
  9491 | Lair:2   | Noticed a death yak
  9494 | Lair:2   | Killed a death yak
  9512 | Lair:1   | Killed a death yak
  9520 | Lair:1   | Mangled by a death yak

Illustrated notes

Levels and vault maps discovered:
D:1:      dpeg_arrival_stonehenge_12_columns, layout_loops_ring,
          shapermc_ecumenical_altar_gd
D:2:      layout_basic
D:3:      layout_basic
D:4:      layout_rooms, kennysheep_mini, general_overflow_altar,
          mainiacjoe_overflow_brackets, st_stairs_12, chequers_jeans
D:5:      layout_basic, yredelemnul_forgotten_temple_becter,
          nicolae_hepliaklqana_hazy_memory, kennysheep_orc_sif_temple,
          mainiacjoe_overflow_concentric_impassable, chequers_mini_garden,
          uniq_duvessa
D:6:      layout_basic, minmay_temple_entry_mini_moons, portal_sewer_entry_d
D:7:      layout_basic, old_standard_altar
D:8:      layout_loops_ring, makhleb_blood_cavern_becter, serial_bayou,
          serial_bayou_pond_e, serial_bayou_shore_a, serial_bayou_lake_a,
          serial_bayou_lagoon_a, serial_shops, shop
D:9:      layout_rooms, mainiacjoe_overflow_24_doors, old_standard_altar,
          erik_lair_orcish_takeover, minmay_misc_feat_more_columns
Lair:1:   layout_cave_pods, beast_lair_carwin_10, grunt_megastairs_1
Lair:2:   layout_gridlike, minmay_shoals_entry_centaurs,
          portal_ice_cave_entry_imps, infiniplex_staircase_pool

Skill      XL: |  1  2  3  4  5  6  7  8  9 10 11 |
---------------+----------------------------------+-----
Ranged Weapons | 5 6 8 9 10 12 13 14 | 14.8
Armour         | 2 4 6 7 9 |  9.2
Stealth        | 2 3 |  3.7
Fighting       | 3 5 6 8 9 |  9.8
Dodging        | 3 4 6 7 8 |  8.9
Evocations     | |  0.4

Action                   |  1- 3 |  4- 6 |  7- 9 | 10-12 || total
-------------------------+-------+-------+-------+-------++-------
Melee: Short sword       |     1 |       |       |       ||     1
 Fire: Shortbow          |    89 |    15 |       |       ||   104
       Longbow           |       |    57 |   239 |   328 ||   624
Invok: Ancestor Identity |       |       |     2 |       ||     2
       Ancestor Life: Kn |       |       |     1 |       ||     1
       Recall Ancestor   |       |       |       |     1 ||     1
  Use: Scroll            |       |     5 |     8 |     1 ||    14
       Potion            |       |       |       |     4 ||     4
Armor: Leather armour    |    17 |     2 |     1 |       ||    20
       Ring mail         |       |       |     1 |    18 ||    19
       Scale mail        |       |       |       |     3 ||     3
Dodge: Dodged            |    38 |     9 |    15 |    59 ||   121
       Repelled          |       |       |       |     1 ||     1
